 Dungeon Crawl Stone Soup version 0.31-a0-841-g038b102fc3 (webtiles) character file.

Game seed: 10725598864820514841

147 Kurtz the Chopper (level 5, -3/36 HPs)
             Began as an Octopode Fighter on Sept 27, 2023.
             Slain by Edmund
             ... wielding a +2 flail of protection
              (7 damage)
             ... on level 4 of the Dungeon.
             The game lasted 00:01:40 (2922 turns).

Kurtz the Chopper (Octopode Fighter)                Turns: 2922, Time: 00:01:41

Health: -3/36      AC:  1    Str: 18    XL:     5   Next: 29%
Magic:  5/5        EV: 13    Int: 10    God:
Gold:   166        SH:  4    Dex: 11    Spells: 4/4 levels left

rFire   . . .        a - +0 war axe
rCold   . . .        b - +0 buckler
rNeg    . . .        (helmet restricted)
rPois   .            j - amulet of the acrobat
rElec   .            l - ring of flight
rCorr   .            (no ring)
SInv    .            (no ring)
Will    .....        (no ring)
Stlth   ++           (no ring)
HPRegen 0.26/turn    (no ring)
MPRegen 0.09/turn    (no ring)
                     (no ring)

%: acrobat
@: mighty, flying
A: almost no armour, amphibious, 8 rings, camouflage 1, gelatinous body 1,
(nimble swimmer 1), tentacles
a: no special abilities


You were on level 4 of the Dungeon.
You visited 1 branch of the dungeon, and saw 4 of its levels.

You collected 166 gold pieces.

Inventory:

Hand Weapons
 a - a +0 war axe (weapon)
Missiles
 g - 6 poisoned darts
 n - 3 boomerangs (quivered)
Armour
 b - a +0 buckler (worn)
Jewellery
 j - an amulet of the acrobat (around mantle)
 l - a ring of flight (left tentacle)
 u - a ring of positive energy
Wands
 s - a wand of polymorph (9)
Scrolls
 d - 3 scrolls of silence {unknown}
 e - 3 scrolls of identify {unknown}
 f - a scroll of butterflies {unknown}
 h - a scroll of blinking {unknown}
 m - 3 scrolls of enchant weapon {unknown}
 o - 3 scrolls of fog {unknown}
 t - 2 scrolls of amnesia {unknown}
 v - a scroll of fear {unknown}
Potions
 i - a potion of invisibility {unknown}
 k - a potion of haste {unknown}
 p - a potion of resistance {unknown}
 q - a potion of cancellation {unknown}
 r - a potion of brilliance {unknown}


   Skills:
 - Level 3.0 Fighting
 * Level 5.3 Axes
 - Level 3.0 Dodging
 - Level 3.0 Shields


You had 4 spell levels left.
You didn't know any spells.
Your spell library contained the following spells:

 Spells                   Type           Power      Damage    Failure   Level
 Necrotise                Necr           0%         1d4       43%         1
 Blink                    Tloc           0%         N/A       58%         2
 Lesser Beckoning         Tloc           0%         N/A       58%         2
 Frozen Ramparts          Ice            0%         1d1       82%         3
 Gell's Gravitas          Tloc           0%         N/A       82%         3
 Ignite Poison            Fire/Tmut/Pois 0%         N/A       82%         3
 Ozocubu's Armour         Ice            0%         N/A       82%         3
 Teleport Other           Tloc           0%         N/A       82%         3
 Vampiric Draining        Necr           0%         2d6       82%         3
 Manifold Assault         Tloc           0%         N/A       99%         4
 Sticky Flame             Conj/Fire      0%         2d3       99%         4
 Agony                    Necr           0%         N/A       100%        5
 Ozocubu's Refrigeration  Ice            0%         4d7       100%        7
 Ignition                 Fire           0%         3d3       100%        8


Dungeon Overview and Level Annotations

Branches:
Dungeon (4/15)
 Temple: D:4-7

Altars:

Annotations:
D:3 1 runed translucent door, Crazy Yiuf
D:4 Edmund


Innate Abilities, Weirdness & Mutations

You cannot wear most types of armour.
You are amphibious.
You can wear up to eight rings at the same time.
Your skin changes colour to match your surroundings (Stealth+).
Your rubbery body absorbs attacks. (AC +1, EV +1)
((You are camouflaged when in or above water. (Stealth+)))
You have tentacles for arms and can constrict up to eight enemies at once.


Message History

The endoplasm hits you but does no damage.
You hit the endoplasm.
You kill the endoplasm!
You reach down and open the door.
There is an open door here.
There is an open door here.
Edmund the Younger comes into view.
He is wielding a +2 flail of protection.
A hobgoblin comes into view.
Found 10 gold pieces and a book of Dreams.
There are monsters nearby!
There are monsters nearby!
Unknown command.
There are monsters nearby!
You hit Edmund but do no damage. You grab Edmund. You squeeze Edmund!
Edmund is lightly wounded.
You constrict Edmund, but do no damage.
Edmund hits you with a +2 flail of protection!
You hit Edmund but do no damage.
Edmund is lightly wounded.
You constrict Edmund.
Edmund hits you with a +2 flail of protection.
You hit Edmund but do no damage.
Edmund is moderately wounded.
You constrict Edmund, but do no damage.
Edmund hits you with a +2 flail of protection!
You are too injured to fight recklessly!
You feel very mighty all of a sudden.
You constrict Edmund. Edmund closely misses you.
You hit Edmund.
Edmund is moderately wounded.
You constrict Edmund, but do no damage.
Edmund hits you with a +2 flail of protection!
* * * LOW HITPOINT WARNING * * *
Unknown command.
You hit Edmund.
Edmund is moderately wounded.
You constrict Edmund, but do no damage. Edmund barely misses you.
Edmund hits you with a +2 flail of protection!
You die...
Edmund says, "I'd like to see a scythe do that!"

.... ... .... ...
######.... .#
#########........# .#
#.......#.g......# .#
#.......+........# .#
#.......#$.....:.# .#
#.......#........#
.###########'##.@@.....#
.......................#
.......................#
.......................#
..)..............?.....#
.......................#
####+##'#######........#
..............#........#
..............#.......


You could see Edmund and a hobgoblin (asleep).

Vanquished Creatures
  5 adders
  12 dart slugs
  An orc (D:3)
  8 ball pythons
  8 bats
  6 endoplasms
  2 giant cockroaches
  10 goblins
  5 hobgoblins
  3 quokkas
  2 frilled lizards
  7 kobolds
  4 rats
73 creatures vanquished.

Notes
Turn   | Place    | Note
-------+----------+-------------------------------------------
     0 | D:1      | Kurtz the Octopode Fighter began the quest for the Orb.
     0 | D:1      | Reached XP level 1. HP: 16/16 MP: 1/1
   253 | D:1      | Reached XP level 2. HP: 21/21 MP: 2/2
   370 | D:1      | Found a faded altar of an unknown god.
   479 | D:1      | Got an uncut book
   488 | D:1      | Reached skill level 3 in Axes
   605 | D:1      | Reached XP level 3. HP: 20/26 MP: 3/3
  1385 | D:2      | Reached skill level 4 in Axes
  1386 | D:2      | Reached XP level 4. HP: 16/31 MP: 4/4
  2238 | D:3      | Found a runed translucent door.
  2239 | D:3      | Noticed Crazy Yiuf
  2783 | D:4      | Reached skill level 5 in Axes
  2783 | D:4      | Reached XP level 5. HP: 27/36 MP: 5/5
  2913 | D:4      | Noticed Edmund
  2922 | D:4      | Slain by Edmund

Illustrated notes

Levels and vault maps discovered:
D:1:      roderic_dead_forest, layout_basic,
          shapermc_ecumenical_altar_hornbeckon, serial_bayou_lake_a
D:2:      layout_loops_ring, serial_glass, glass_columns_b, glass_columns_a,
          glass_columns_a
D:3:      layout_loops_cross, uniq_crazy_yiuf_cottage
D:4:      kennysheep_slugbush, layout_gridville, kennysheep_little_box,
          nicolae_overflow_crystal_walls, uniq_edmund, uniq_menkaure

Skill      XL: |  1  2  3  4 |
---------------+-------------+-----
Axes           | 3 4 5 |  5.3
Fighting       | |  3.0
Dodging        | |  3.0
Shields        | |  3.0

Action                     |  1- 3 |  4- 6 || total
---------------------------+-------+-------++-------
  Melee: War axe           |    55 |    66 ||   121
         Constrict         |    15 |    20 ||    35
         Tentacles         |    10 |    17 ||    27
    Use: Potion            |       |     1 ||     1
   Stab: Sleeping          |     8 |     8 ||    16
 Armour: Skin              |    24 |    25 ||    49
  Dodge: Dodged            |    32 |    54 ||    86
  Block: Buckler           |    13 |     7 ||    20

Table legend: (Time is in decaauts)
 A = Elapsed time spent in this place.
 B = Non-inter-level travel time spent in this place.
 C = Inter-level travel time spent in this place.
 D = Time resting spent in this place.
 E = Time spent auto-exploring this place.
 F = Levels seen in this place.
 G = Mean time per level.
                   A        B        C        D        E       F      G
               +--------+--------+--------+--------+--------+-----+--------+
         Total |   2960 |   2793 |    167 |    426 |   1899 |   4 |  740.0 |
       Dungeon |   2960 |   2793 |    167 |    426 |   1899 |   4 |  740.0 |
               +--------+--------+--------+--------+--------+-----+--------+

Top non-repeatable levels by time:
     D:2: 1151 daAuts
     D:1: 966 daAuts
     D:3: 675 daAuts
     D:4: 167 daAuts
